 Dungeon Crawl Stone Soup version 0.26.1-11-gd32895ea62 (webtiles) character file.

Game seed: 6735852819464153598

73 Zeld the Cudgeller (level 4, -2/29 HPs)
             Began as an Octopode Warper on May 18, 2021.
             Slain by a gnoll
             ... wielding a +1 vampiric halberd
              (9 damage)
             ... on level 3 of the Dungeon.
             The game lasted 00:03:08 (2519 turns).

Zeld the Cudgeller (Octopode Warper)                Turns: 2519, Time: 00:03:09

Health: -2/29      AC:  1    Str: 11    XL:     4   Next: 27%
Magic:  0/8        EV: 13    Int: 15    God:
Gold:   69         SH:  0    Dex: 11    Spells: 4/9 levels left

rFire    . . .     SeeInvis .   a - +0 mace
rCold    . . .     Faith    .   (no shield)
rNeg     . . .     Spirit   .   (helmet restricted)
rPois    .         Reflect  .   (no amulet)
rElec    .         Harm     .   (no ring)
rCorr    .         Rampage  .   (no ring)
Will     .....                  (no ring)
Stlth    ++........             (no ring)
HPRegen  0.09/turn              (no ring)
MPRegen  0.11/turn              (no ring)
                                (no ring)
                                (no ring)

@: no status effects
A: almost no armour, stealthy swim, amphibious, 8 rings, constrict 8, camouflage
1, gelatinous body 1
a: no special abilities


You were on level 3 of the Dungeon.
You visited 1 branch of the dungeon, and saw 3 of its levels.

You collected 69 gold pieces.

Inventory:

Hand Weapons
 a - a +0 mace (weapon)
Scrolls
 b - a scroll of blinking
 d - a scroll of immolation {unknown}
 h - a scroll of remove curse {unknown}
 i - a scroll of identify {unknown}
 k - 2 scrolls of teleportation {unknown}
 l - a scroll of enchant weapon {unknown}
Potions
 c - a potion of attraction {unknown}
 e - a potion of flight {unknown}
 f - 2 potions of heal wounds {unknown}
 g - a potion of curing {unknown}
 j - a potion of brilliance {unknown}


   Skills:
 - Level 2.0 Fighting
 * Level 3.4 Maces & Flails
 - Level 1.0 Throwing
 - Level 2.3 Dodging
 * Level 3.2 Spellcasting
 - Level 3.0 Translocations


You had 4 spell levels left.
You knew the following spells:

 Your Spells              Type           Power        Failure   Level
a - Blink                 Tloc           N/A          9%          2
b - Gell's Gravitas       Tloc           5%           17%         3

Your spell library contained the following spells:

 Spells                   Type           Power        Failure   Level
 Lesser Beckoning         Tloc           5%           17%         3
 Teleport Other           Tloc           11%          17%         3
 Passage of Golubria      Tloc           N/A          50%         4


Dungeon Overview and Level Annotations

Branches:
Dungeon (3/15)

Altars:


Innate Abilities, Weirdness & Mutations

You cannot wear most types of armour.
You are very stealthy in the water. (Stealth+)
You are amphibious.
You can wear up to eight rings at the same time.
You can use your tentacles to constrict eight enemies at once.
Your skin changes colour to match your surroundings (Stealth+).
Your rubbery body absorbs attacks. (AC +1, EV +1)


Message History

Sorry, you're not good enough to have a special ability.
Casting: Blink (safe; 9% risk of failure)
Confirm with . or Enter, or press ? or * to list all spells.
You blink.
A rat comes into view. 2 gnolls come into view.
A gnoll is wielding a +1 vampiric halberd.
Casting: Blink (safe; 9% risk of failure)
Confirm with . or Enter, or press ? or * to list all spells.
You blink.
Casting: Blink (safe; 9% risk of failure)
Confirm with . or Enter, or press ? or * to list all spells.
You blink.
A gnoll comes into view. It is wielding a +0 club.
The gnoll shouts!
The gnoll barely misses you. x2
The gnoll shouts!
The gnoll barely misses you.
The gnoll hits you from afar with a +1 vampiric halberd!
You die...

#..#######...
#..##........ .#
###.>##.......##.
#...............
#.#..##§r......
#.#..S..S.....# #
##§####..##.#
#..........#
####...g@##
#.#...# #.g.#
#g..# ....#
##..## #..# #...
##.#


You could see 3 gnolls, an adder and a rat.

Vanquished Creatures
  2 adders (D:2)
  2 worms (D:2)
  A dart slug (D:1)
  A leopard gecko (D:1)
  A ball python (D:3)
  5 bats
  4 giant cockroaches
  4 goblins
  7 hobgoblins
  A quokka (D:2)
  2 frilled lizards
  9 kobolds
  3 rats (D:1)
42 creatures vanquished.

Notes
Turn   | Place    | Note
-------+----------+-------------------------------------------
     0 | D:1      | Zeld the Octopode Warper began the quest for the Orb.
     0 | D:1      | Reached XP level 1. HP: 14/14 MP: 3/3
   468 | D:1      | Reached XP level 2. HP: 17/19 MP: 5/5
   471 | D:1      | Learned a level 2 spell: Blink
  1222 | D:1      | Reached XP level 3. HP: 16/24 MP: 6/6
  1226 | D:1      | Learned a level 3 spell: Gell's Gravitas
  2286 | D:2      | Reached XP level 4. HP: 16/29 MP: 8/8
  2519 | D:3      | Slain by a gnoll

Illustrated notes

Levels and vault maps discovered:
D:1:      nicolae_arrival_memento_mori, layout_basic, minmay_tetromino_l2
D:2:      layout_basic
D:3:      minmay_recursive_quarters, layout_loops_ring,
          trog_three_pillars_becter

Skill      XL: |  1  2  3 |
---------------+----------+-----
Maces & Flails | 3 |  3.4
Spellcasting   | 3 |  3.2
Fighting       | |  2.0
Throwing       | |  1.0
Dodging        | |  2.3
Translocations | |  3.0

Action                   |  1- 3 |  4- 6 || total
-------------------------+-------+-------++-------
Melee: Mace              |    83 |    13 ||    96
       Constrict         |    22 |     2 ||    24
       Tentacles         |     9 |     1 ||    10
Throw: Boomerang         |     5 |       ||     5
 Cast: Blink             |       |     5 ||     5
 Stab: Sleeping          |     3 |       ||     3
Armor: Skin              |     5 |     7 ||    12
Dodge: Dodged            |    71 |    35 ||   106
